 Dungeon Crawl Stone Soup version 0.20.1-1-g8b1a95d (webtiles) character file.

4970 lorenzova the Thaumaturge (level 10, -11/50 HPs)
             Began as a Deep Elf Conjurer on Oct 26, 2017.
             Was a Believer of Sif Muna.
             Splashed by a gnoll shaman's acid (14 damage)
             ... in a bailey.
             The game lasted 00:20:52 (9350 turns).

lorenzova the Thaumaturge (Deep Elf Conjurer)       Turns: 9350, Time: 00:20:53

Health: -11/50     AC:  0    Str: 13    XL:     10   Next: 28%
Magic:  2/28       EV:  7    Int: 24    God:    Sif Muna [**....]
Gold:   490        SH:  0    Dex: 15    Spells: 23/34 levels left

rFire    + . .     SeeInvis .   J - +6 short sword "Cioss" {pierce, Str+8}
rCold    . . .     Gourm    .   (no shield)
rNeg     . . .     Faith    .   a - +0 robe
rPois    .         Spirit   .   w - +2 hat
rElec    .         Reflect  .   (no cloak)
rCorr    .         Harm     .   (no gloves)
MR       +....                  (no boots)
Stlth    ++........             (no amulet)
Regen    0.2/turn               n - ring of wizardry
MPRegen  0.3/turn               I - ring of protection from fire

@: corroded, held
A: no striking features
a: Divine Energy, Renounce Religion


You were in a bailey.
You worshipped Sif Muna.
Sif Muna was pleased with you.
You were not hungry.

You visited 2 branches of the dungeon, and saw 9 of its levels.
You also visited: Bailey.

You collected 490 gold pieces.

Inventory:

Hand Weapons
 m - a +0 dagger
 q - a +3 hand axe of chopping
 J - the +6 short sword "Cioss" (weapon) {pierce, Str+8}
   (You found it on level 7 of the Dungeon)

   It inflicts extra damage upon your enemies.
   It affects your strength (+8).
Armour
 a - a +0 robe (worn)
 w - a +2 hat (worn)
Jewellery
 n - a ring of wizardry (left hand)
 I - a ring of protection from fire (right hand)
Wands
 t - a wand of flame (22/48)
 u - a wand of random effects (16/48)
 y - a wand of flame (1/48)
 B - a wand of disintegration (13/24)
 K - a wand of lightning (10/15)
Scrolls
 d - a scroll of fog {unknown}
 e - 2 scrolls of identify
 h - a scroll of teleportation
 i - 5 scrolls of enchant armour
 j - a scroll of immolation {unknown}
 p - 2 scrolls of blinking {unknown}
 r - 5 scrolls of remove curse
 v - 2 scrolls of magic mapping {unknown}
 x - a scroll of enchant weapon {unknown}
 A - 3 scrolls of amnesia {unknown}
 E - a scroll of random uselessness {unknown}
 H - 2 scrolls of recharging {unknown}
Potions
 f - a potion of heal wounds
 g - 2 potions of magic
 l - a potion of degeneration {unknown}
 o - 5 potions of curing {unknown}
 s - a potion of resistance {unknown}
 z - a potion of ambrosia {unknown}
 C - a potion of lignification {unknown}
 G - a potion of flight {unknown}
Books
 b - a book of Conjurations

   Spells                             Type                      Level
   a - Magic Dart                     Conjuration                  1
   b - Searing Ray                    Conjuration                  2
   c - Dazzling Spray                 Conjuration/Hexes            3
   d - Fulminant Prism                Conjuration/Hexes            4
   e - Force Lance                    Conjuration/Translocation    4
   f - Iskenderun's Mystic Blast      Conjuration                  4
 F - a book of Misfortune

   Spells                             Type                      Level
   a - Confusing Touch                Hexes                        1
   b - Confuse                        Hexes                        3
   c - Gell's Gravitas                Translocation                3
   d - Petrify                        Transmutation/Earth          4
   e - Metabolic Englaciation         Hexes/Ice                    5
   f - Yara's Violent Unravelling     Hexes/Transmutation          5
Comestibles
 c - 8 bread rations
 k - 3 meat rations
 D - 2 fruits


   Skills:
 - Level 2.4 Dodging
 - Level 2.4 Stealth
 * Level 12.6 Spellcasting
 * Level 11.4 Conjurations
 + Level 8.2 Hexes


You had 23 spell levels left.
You knew the following spells:

 Your Spells              Type           Power        Failure   Level  Hunger
a - Magic Dart            Conj           ####         1%          1    None
b - Searing Ray           Conj           ######       1%          2    None
c - Iskenderun's Mystic   Conj           ######..     1%          4    None
d - Fulminant Prism       Conj/Hex       ######....   1%          4    None


Dungeon Overview and Level Annotations

Branches:
Dungeon (8/15)             Temple (1/1) D:6
   Lair: D:8-11

Altars:
Ashenzari
Cheibriados
Dithmenos
Elyvilon
Gozag
Hepliaklqana
Makhleb
Nemelex Xobeh
Okawaru
Ru
Sif Muna
Trog
Uskayaw
Vehumet
Xom
Zin


Message History

A gnoll shaman comes into view. It is wielding a halberd.
The searing ray hits the gnoll.
The gnoll is almost dead.
The gnoll hits you from afar with a halberd! x2
The searing ray hits the gnoll.
You kill the gnoll!
Sif Muna accepts your kill.
The gnoll hits you from afar with a halberd.
Casting: Searing Ray
Confirm with . or Enter, or press ? or * to list all spells.
You don't have enough magic to cast that spell.
Unknown command.
You struggle against the net.
The gnoll hits you from afar with a halberd!
* * * LOW HITPOINT WARNING * * *
You struggle against the net.
The gnoll shaman zaps a wand.
The bolt of acid hits you!
* * * LOW HITPOINT WARNING * * *
The acid corrodes you!
You are splashed with acid!
The acid burns!
You die...

♣≈ #.))# ≈♣ ♣≈# #...#
##≈♣ ♣≈. #..)# #.≈♣
♣≈.######'))######.≈♣
♣≈.......g)........≈♣
♣≈≈......)).......≈≈♣
♣≈≈≈≈≈≈≈)g.≈≈≈≈≈≈≈♣♣
♣.......))......♣♣
♣♣♣....@).....♣♣♣
♣♣♣♣..)....♣♣
♣♣.).♣♣♣♣ ♣♣.♣♣ ♣(♣
♣∩♣ ###


You could see a gnoll shaman and a gnoll.

Vanquished Creatures
  The ghost of othur the Cleaver, a novice MiCK of Xom (D:6)
  The ghost of PipsiMox the Slinger, a novice HaHu (D:4)
  Sigmund (D:3)
  A water moccasin (D:8)
  2 sky beasts
  A hornet zombie (D:7)
  7 ogres
  A necrophage (D:5)
  6 big kobolds
  3 bullfrogs
  5 gnoll sergeants (Bailey)
  A water moccasin skeleton (D:8)
  2 scorpions
  6 killer bees (D:7)
  4 howler monkeys
  7 crimson imps
  7 hounds
  5 bullfrog zombies
  A jelly (D:5)
  2 orc wizards
  3 centaur skeletons (D:7)
  2 orc priests (D:8)
  2 bullfrog skeletons
  2 gnoll shamans (Bailey)
  Natasha (thrice) (D:2 D:3)
  3 worker ants
  Terence (D:2)
  A worker ant zombie (D:5)
  Robin (D:3)
  14 gnolls
  8 adders
  2 shadow imps (D:7)
  An ooze (D:2)
  2 worms
  A dart slug (D:5)
  4 leopard geckos
  20 orcs
  A ball python (D:3)
  5 giant cockroaches
  8 hobgoblins
  6 jackals
  12 kobolds
  3 quokkas
  12 bats
  5 frilled lizards
  19 goblins
  A jackal skeleton (D:4)
  A leopard gecko skeleton (D:4)
  A quokka skeleton (D:8)
  5 rats (D:1)
213 creatures vanquished.

Vanquished Creatures (others)
  26 fulminant prisms
26 creatures vanquished.

Grand Total: 239 creatures vanquished

Notes
Turn   | Place    | Note
-------+----------+-------------------------------------------
     0 | D:1      | lorenzova the Deep Elf Conjurer began the quest for the Orb.
     0 | D:1      | Reached XP level 1. HP: 10/10 MP: 6/6
   317 | D:1      | Reached XP level 2. HP: 15/15 MP: 6/8
   321 | D:1      | Learned a level 2 spell: Searing Ray
   891 | D:2      | Noticed Terence
   939 | D:2      | Noticed Natasha
   943 | D:2      | Noticed a crimson imp
   945 | D:2      | Killed Natasha
   945 | D:2      | Reached skill level 4 in Spellcasting
   945 | D:2      | Reached skill level 5 in Conjurations
   945 | D:2      | Reached XP level 3. HP: 19/19 MP: 2/10
  1094 | D:2      | Noticed Natasha
  1099 | D:2      | Killed Natasha
  1099 | D:2      | Reached XP level 4. HP: 10/24 MP: 4/12
  1200 | D:2      | Learned a level 4 spell: Iskenderun's Mystic Blast
  1269 | D:2      | Reached skill level 5 in Spellcasting
  1927 | D:2      | Killed Terence
  1927 | D:2      | Reached XP level 5. HP: 28/28 MP: 10/15
  2102 | D:3      | Noticed Robin
  2104 | D:3      | Killed Robin
  2134 | D:3      | Noticed Natasha
  2145 | D:3      | Killed Natasha
  2259 | D:3      | Learned a level 4 spell: Fulminant Prism
  2299 | D:3      | Noticed Sigmund
  2306 | D:3      | Killed Sigmund
  2306 | D:3      | Reached skill level 6 in Spellcasting
  2306 | D:3      | Reached skill level 1 in Hexes
  2306 | D:3      | Reached XP level 6. HP: 32/32 MP: 7/17
  2307 | D:3      | Found a sacrificial altar of Ru.
  2681 | D:3      | Found a sparkling altar of Nemelex Xobeh.
  2982 | D:3      | Found a bloodstained altar of Trog.
  3207 | D:4      | Reached skill level 7 in Spellcasting
  3208 | D:4      | Reached XP level 7. HP: 36/36 MP: 6/19
  3374 | D:4      | Noticed PipsiMox's ghost (novice HaHu)
  4006 | D:4      | Found a burning altar of Makhleb.
  4006 | D:4      | Found a radiant altar of Vehumet.
  4301 | D:4      | Reached skill level 8 in Spellcasting
  4398 | D:4      | Killed PipsiMox's ghost
  4398 | D:4      | Reached XP level 8. HP: 41/41 MP: 4/22
  4515 | D:5      | Entered Level 5 of the Dungeon
  4561 | D:5      | Reached skill level 9 in Spellcasting
  4615 | D:5      | Reached skill level 5 in Hexes
  6065 | D:6      | Reached skill level 10 in Spellcasting
  6066 | D:6      | Noticed othur's ghost (novice MiCK)
  6242 | D:6      | Reached XP level 9. HP: 45/45 MP: 10/25
  6457 | D:6      | Found a snail-covered altar of Cheibriados.
  6483 | D:6      | Killed othur's ghost
  6585 | D:6      | Reached skill level 10 in Conjurations
  6947 | D:6      | Found a shattered altar of Ashenzari.
  7033 | D:6      | Found a staircase to the Ecumenical Temple.
  7215 | Temple   | Entered the Ecumenical Temple
  7222 | Temple   | Became a worshipper of Sif Muna the Loreminder
  7453 | D:7      | Reached skill level 11 in Spellcasting
  7646 | D:7      | Got a twisted short sword
  7647 | D:7      | Identified the +6 short sword "Cioss" {pierce, Str+8} (You found it on level 7 of the Dungeon)
  8023 | D:7      | Reached * piety under Sif Muna
  8653 | D:8      | Reached skill level 12 in Spellcasting
  8706 | D:8      | Reached XP level 10. HP: 36/50 MP: 9/28
  8717 | D:8      | Noticed a two-headed ogre
  8987 | D:8      | Reached ** piety under Sif Muna
  9060 | D:8      | Found a flagged portal.
  9069 | Bailey   | Entered a bailey
  9350 | Bailey   | Splashed by a gnoll shaman's acid

Skill      XL: |  1  2  3  4  5  6  7  8  9 10 |
---------------+-------------------------------+-----
Spellcasting   | 4 5 6 7 8 10 12 | 12.6
Conjurations   | 5 6 7 8 9 11 | 11.4
Hexes          | 1 2 4 5 7 8 |  8.2
Dodging        | |  2.4
Stealth        | |  2.4

Action                   |  1- 3 |  4- 6 |  7- 9 | 10-12 || total
-------------------------+-------+-------+-------+-------++-------
Melee: Hand axe          |       |    12 |    27 |       ||    39
       Short sword       |       |       |    12 |     7 ||    19
 Cast: Magic Dart        |    42 |   104 |   125 |    60 ||   331
       Searing Ray       |       |     4 |     7 |     1 ||    12
       Fulminant Prism   |       |     3 |    13 |    11 ||    27
       Iskenderun's Myst |       |     1 |    69 |    11 ||    81
  Use: Scroll            |       |       |       |     5 ||     5
       Potion            |       |       |       |     4 ||     4
 Stab: Sleeping          |       |       |     1 |       ||     1
  Eat: Chunk             |       |     7 |    19 |     2 ||    28
       Fruit             |       |       |     1 |       ||     1
Armor: Robe              |     1 |     2 |    14 |     6 ||    23
Dodge: Dodged            |     4 |    11 |    60 |    27 ||   102
